 Dungeon Crawl Stone Soup version 0.22.1-1-ga44c0e56f4 (webtiles) character file.

625 Jynx the Changer (level 7, 0/56 HPs)
             Began as an Octopode Transmuter on Nov 8, 2018.
             Slain by Edmund
             ... wielding a +1 flail of protection
              (5 damage)
             ... on level 4 of the Dungeon.
             The game lasted 00:07:19 (3786 turns).

Jynx the Changer (Octopode Transmuter)              Turns: 3786, Time: 00:07:19

Health: 0/56       AC:  5    Str:  9    XL:     7   Next: 47%
Magic:  13/13      EV: 10    Int: 15    God:
Gold:   255        SH:  0    Dex: 15    Spells: 4/14 levels left

rFire    x . .     SeeInvis .     - Unarmed
rCold    + + +     Gourm    .   (shield currently unavailable)
rNeg     . . .     Faith    .   (helmet currently unavailable)
rPois    +         Spirit   .   (no amulet)
rElec    .         Reflect  .   k - ring of protection from cold
rCorr    .         Harm     .   (no ring)
MR       .....                  (no ring)
Stlth    +.........             (no ring)
HPRegen  0.18/turn              (no ring)
MPRegen  0.13/turn              (no ring)
                                (no ring)
                                (no ring)

@: ice-form (expiring)
A: large, almost no armour, stealthy swim, amphibious, 8 rings, (constrict 8)
a: End Transformation


You were on level 4 of the Dungeon.
You were not hungry.
You were a creature of crystalline ice.
You visited 1 branch of the dungeon, and saw 4 of its levels.
You also visited: Sewer.

You collected 255 gold pieces.

Inventory:

Missiles
 a - 32 arrows
Armour
 g - a +2 hat (melded)
 q - a +0 shield
Jewellery
 k - a ring of protection from cold (left front paw)
Scrolls
 b - 2 scrolls of teleportation {unknown}
 d - 2 scrolls of identify
 e - 3 scrolls of amnesia {unknown}
 h - a scroll of random uselessness {unknown}
Potions
 f - a potion of berserk rage
 i - a potion of curing {unknown}
 j - 3 potions of flight {unknown}
 l - a potion of ambrosia {unknown}
 m - 2 potions of heal wounds
 n - a potion of haste {unknown}
 o - a potion of cancellation {unknown}
Comestibles
 c - 6 rations
 p - a chunk of flesh


   Skills:
 + Level 3.8 Fighting
 - Level 2.0 Dodging
 - Level 3.0 Unarmed Combat
 + Level 4.0 Spellcasting
 * Level 5.8 Transmutations


You had 4 spell levels left.
You knew the following spells:

 Your Spells              Type           Power        Failure   Level  Hunger
a - Beastly Appendage     Tmut           ###...       1%          1    None
b - Sticks to Snakes      Tmut           ###.....     2%          2    ##.....
c - Spider Form           Tmut/Pois      ##........   16%         3    ###....
d - Ice Form              Ice/Tmut       ##......     47%         4    ####...

Your spell library contained the following spells:

 Spells                   Type           Power        Failure   Level  Hunger
 Blade Hands              Tmut           ###.......   41%         5    ######.


Dungeon Overview and Level Annotations

Branches:
Dungeon (4/15)
 Temple: D:4-7

Altars:

Shops:
D:4 ==

Annotations:
D:4 Edmund


Innate Abilities, Weirdness & Mutations

You cannot wear most types of armour.
You are very stealthy in the water. (Stealth+)
You are amphibious.
You can wear up to eight rings at the same time.
((You can use your tentacles to constrict eight enemies at once.))
((Your skin changes colour to match your surroundings (Stealth+).))
((Your rubbery body absorbs attacks. (AC +1, EV +1)))


Message History

Edmund is heavily wounded.
Edmund hits you with a flail of protection.
You punch Edmund! You freeze Edmund.
Edmund is severely wounded.
Edmund hits you with a flail of protection.
* * * LOW HITPOINT WARNING * * *
You barely miss Edmund.
Edmund is severely wounded.
You hit Edmund but do no damage.
Edmund is severely wounded.
Edmund hits you with a flail of protection!
* * * LOW HITPOINT WARNING * * *
You hit Edmund. You freeze Edmund.
Edmund is almost dead.
Edmund hits you with a flail of protection.
* * * LOW HITPOINT WARNING * * *
You hit Edmund but do no damage.
Edmund is almost dead.
Edmund hits you with a flail of protection.
You die...

(..##........
#....#...... .##
##..##...... ....
#..........
!..#####.#.#..∩...
#.........#.....# #
###.....###.....#
###.##........##.....#
#...@Y.....##........#
#...##†....#####.....#
..... #.....# #......
.... #.....# ######.
... ###.### ## .. #†#
# . #.# # #.# # ..# #


You could see Edmund.

Vanquished Creatures
  Sigmund (D:2)
  A phantom (D:4)
  A big kobold (Sewer)
  A scorpion (D:4)
  An orc wizard (D:4)
  2 hounds (D:4)
  A worker ant (D:4)
  3 adders
  A howler monkey skeleton (D:4)
  2 river rats (Sewer)
  2 oozes
  2 worms (D:2)
  A dart slug (D:2)
  2 leopard geckos
  5 orcs (D:4)
  A ball python (D:3)
  2 giant cockroaches
  5 goblins
  4 hobgoblins
  6 jackals
  10 bats
  4 frilled lizards
  9 kobolds
  10 rats
77 creatures vanquished.

Notes
Turn   | Place    | Note
-------+----------+-------------------------------------------
     0 | D:1      | Jynx the Octopode Transmuter began the quest for the Orb.
     0 | D:1      | Reached XP level 1. HP: 13/13 MP: 3/3
   199 | D:1      | Reached XP level 2. HP: 18/18 MP: 5/5
   583 | D:1      | Learned a level 2 spell: Sticks to Snakes
   728 | D:1      | Reached XP level 3. HP: 17/23 MP: 6/6
  1236 | D:2      | Reached skill level 3 in Transmutations
  1467 | D:2      | Noticed Sigmund
  1473 | D:2      | Learned a level 3 spell: Spider Form
  1486 | D:2      | Killed Sigmund
  1486 | D:2      | Reached skill level 4 in Transmutations
  1486 | D:2      | Reached XP level 4. HP: 28/30 MP: 4/8
  1486 | D:2      | Reached XP level 5. HP: 33/35 MP: 4/9
  2021 | D:2      | Reached XP level 6. HP: 41/41 MP: 8/10
  2071 | D:3      | Found a glowing drain.
  2136 | Sewer    | Entered a sewer
  2522 | Sewer    | Found a white marble altar of Elyvilon.
  3102 | D:3      | Reached skill level 5 in Transmutations
  3247 | D:4      | Noticed a phantom
  3255 | D:3      | Learned a level 4 spell: Ice Form
  3342 | D:4      | Killed a phantom
  3342 | D:4      | Reached XP level 7. HP: 46/46 MP: 5/12
  3618 | D:4      | Found Zot Apnu's Distillery.
  3653 | D:4      | Found Luecoish's Jewellery Shop.
  3685 | D:4      | Found Difrargh's Jewellery Emporium.
  3766 | D:4      | Noticed Edmund
  3786 | D:4      | Slain by Edmund

Skill      XL: |  1  2  3  4  5  6  7 |
---------------+----------------------+-----
Transmutations | 4 5 |  5.8
Fighting       | 2 3 |  3.8
Spellcasting   | 3 4 |  4.0
Dodging        | |  2.0
Unarmed Combat | |  3.0

Action                   |  1- 3 |  4- 6 |  7- 9 || total
-------------------------+-------+-------+-------++-------
Melee: Unarmed           |    86 |    75 |    64 ||   225
       Kick              |    17 |    14 |     7 ||    38
       Constrict         |    15 |    16 |     8 ||    39
       Tentacles         |     4 |    13 |     2 ||    19
       Punch             |       |     3 |     3 ||     6
 Cast: Beastly Appendage |    13 |    15 |     4 ||    32
       Spider Form       |     1 |       |       ||     1
       Sticks to Snakes  |     1 |       |       ||     1
       Ice Form          |       |     1 |     1 ||     2
  Use: Scroll            |     1 |     2 |       ||     3
 Stab: Sleeping          |     8 |     4 |     1 ||    13
  Eat: Chunk             |     1 |     6 |     4 ||    11
Armor: Skin              |     9 |    11 |     3 ||    23
Dodge: Dodged            |    59 |    50 |    31 ||   140
